 Dungeon Sprint DCSS version 0.27.1-33-g824d729ab1 (webtiles) character file.

Game seed: 7021347186374212011

3007 Hipnos the Unseen (level 9, -2/41 HPs)
             Began as a Spriggan Enchanter on Nov 29, 2021.
             Was a Follower of Nemelex Xobeh.
             Slain by a demonic crawler (11 damage)
             ... in the Dungeon (Sprint I: "Red Sonja").
             The game lasted 00:06:32 (3121 turns).

Hipnos the Unseen (Spriggan Enchanter)              Turns: 3121, Time: 00:06:33

Health: -2/41      AC:  2    Str:  4    XL:     9   Next: 54%
Magic:  13/22      EV: 22    Int: 17    God:    Nemelex Xobeh [*.....]
Gold:   855        SH:  0    Dex: 18    Spells: 13/25 levels left

rFire    . . .     SeeInvis +   i - +0 dagger (venom)
rCold    . . .     Faith    .   (shield restricted)
rNeg     . . .     Spirit   .   b - +0 robe
rPois    .         Reflect  .   (helmet restricted)
rElec    .         Harm     .   (no cloak)
rCorr    .         Rampage  .   (gloves unavailable)
Will     +....     NoTele   +   (boots unavailable)
Stlth    ++++++++..             (no amulet)
HPRegen  0.13/turn              (no ring)
MPRegen  0.18/turn              (no ring)

@: confusing by touch, hasted, very quick
A: very small, no large weapons, unfitting armour, see invisible, speed 3
a: Renounce Religion, Draw Escape, Draw Destruction, Draw Summoning


You were in the Dungeon.
You worshipped Nemelex Xobeh.
Nemelex Xobeh was aware of your devotion.
You visited 1 branch You collected 855 gold pieces.

Inventory:

Hand Weapons
 a - a +1 dagger
 i - a +0 dagger of venom (weapon)
Armour
 b - a +0 robe (worn)
Wands
 g - a wand of flame (15)
Scrolls
 h - a scroll of blinking
 j - a scroll of enchant armour {unknown}
 k - a scroll of immolation {unknown}
Potions
 c - 3 potions of curing
 f - 2 potions of magic


   Skills:
 + Level 1.2 Fighting
 + Level 1.9 Short Blades
 + Level 7.9 Dodging
 * Level 20.7 Stealth
 + Level 8.9 Spellcasting
 + Level 0.3 Conjurations
 + Level 12.3 Hexes
 + Level 3.1 Ice Magic
 * Level 8.8 Invocations


You had 13 spell levels left.
You knew the following spells:

 Your Spells              Type           Power      Damage    Failure   Level
a - Corona                Hex            54%        N/A       1%          1
b - Ensorcelled Hibernat  Hex/Ice        66%        N/A       1%          2
c - Confusing Touch       Hex            49%        N/A       1%          3
d - Tukima's Dance        Hex            49%        N/A       1%          3
e - Dazzling Flash        Conj/Hex       58%        N/A       2%          3

Your spell library contained the following spells:

 Spells                   Type           Power      Damage    Failure   Level


Dungeon Overview and Level Annotations

Branches:
Dungeon (1/1)

Altars:
Cheibriados
Dithmenos
Elyvilon
Fedhas
Gozag
Hepliaklqana
Kikubaaqudgha
Makhleb
Nemelex Xobeh
Okawaru
Qazlal
Ru
Sif Muna
Trog
Uskayaw
Vehumet
Wu Jian
Xom
Yredelemnul
Zin
The Shining One
Jiyva
Lugonu

Shops:
D (:[


Innate Abilities, Weirdness & Mutations

You are very small and have problems with some larger weapons.
You are too small for most types of armour.
You have supernaturally acute eyesight. (SInv)
You cover ground extremely quickly. (Speed+++)


Message History

The demonic crawler hits you.
* * * LOW HITPOINT WARNING * * *
The demonic crawler completely misses you.
There is an open door, spattered with blood here.
Casting: Dazzling Flash (dangerous; 2% risk of failure)
Confirm with . or Enter, or press ? or * to list all spells.
You can't see any susceptible monsters within range! (Use Z to cast anyway.)
Casting: Dazzling Flash (dangerous; 2% risk of failure)
Confirm with . or Enter, or press ? or * to list all spells.
The demonic crawler seems less confused.
There is an entrance to Lounk's Book Emporium here.
You feel much better.
Casting: Dazzling Flash (dangerous; 2% risk of failure)
Confirm with . or Enter, or press ? or * to list all spells.
Your hands begin to glow red.
The demonic crawler hits you! The demonic crawler barely misses you.
The demonic crawler hits you.
You hit the demonic crawler but do no damage.
The demonic crawler is almost dead.
The demonic crawler hits you. The demonic crawler misses you.
The demonic crawler hits you.
The demonic crawler completely misses you. x2
The demonic crawler hits you.
You hit the demonic crawler but do no damage.
The demonic crawler is almost dead.
The demonic crawler misses you. x2
The demonic crawler hits you but does no damage.
You hit the demonic crawler but do no damage.
The demonic crawler is almost dead.
The demonic crawler misses you. The demonic crawler closely misses you.
The demonic crawler hits you!
* * * LOW HITPOINT WARNING * * *
There is a glowing golden altar of the Shining One here.
You feel better. The demonic crawler hits you. x2
* * * LOW HITPOINT WARNING * * *
The demonic crawler closely misses you.
You feel yourself speed up.
The demonic crawler hits you but does no damage.
The demonic crawler closely misses you. The demonic crawler hits you!
You die...
Your body disappears without a glow.

#####################
#<.#.)'..#.)'..#__#..
#..)..#..'..#..'..'..
#..#####'#####'#s_###
#..####..#...#[####
#..#__####..##)#
#..#@s___##'#_.+
#⌠⌠#_.∩...'..._#
####_..__##_.#'##+###
#_____###'#[#.[.[#
############.####'###
#∩........'...'.....'
###++++####.(.#######
###.### #.#'#.#


You could see a demonic crawler (very poisoned).

Vanquished Creatures
  Sonja (D)
  A deep troll (D)
  2 kobold demonologists (D)
  3 demonic crawlers (D)
  A slime creature (D)
  Sigmund (D)
  A yak (D)
  A floating eye (D)
  An ogre (D)
  A jelly (D)
  Ijyb (D)
  A ballistomycete spore (D)
15 creatures vanquished.

Vanquished Creatures (others)
  A gargoyle (D)
  A ballistomycete spore (D)
2 creatures vanquished.

Grand Total: 17 creatures vanquished

Notes
Turn   | Place    | Note
-------+----------+-------------------------------------------
     0 | D        | Hipnos the Spriggan Enchanter began the quest for the Orb.
     0 | D        | Reached XP level 1. HP: 9/9 MP: 5/5
     1 | D        | Noticed Ijyb
    15 | D        | Killed Ijyb
    16 | D        | Reached skill level 7 in Stealth
    16 | D        | Reached skill level 5 in Hexes
    16 | D        | Reached skill level 1 in Invocations
    16 | D        | Reached XP level 2. HP: 6/13 MP: 5/7
   220 | D        | Learned a level 2 spell: Ensorcelled Hibernation
   220 | D        | Noticed an ogre
   230 | D        | Killed an ogre
   231 | D        | Reached skill level 9 in Stealth
   231 | D        | Reached XP level 3. HP: 16/16 MP: 3/10
   231 | D        | Reached XP level 4. HP: 21/21 MP: 3/11
   297 | D        | Noticed Sigmund
   300 | D        | Killed Sigmund
   301 | D        | Reached skill level 5 in Dodging
   301 | D        | Reached skill level 12 in Stealth
   301 | D        | Reached skill level 5 in Spellcasting
   301 | D        | Reached XP level 5. HP: 24/24 MP: 12/14
   301 | D        | Reached XP level 6. HP: 28/28 MP: 12/15
   315 | D        | Found an ornate altar of the Wu Jian Council.
   315 | D        | Found a shimmering blue altar of Sif Muna.
   317 | D        | Found a radiant altar of Vehumet.
   322 | D        | Reached skill level 5 in Invocations
   323 | D        | Found Lounk's Book Emporium.
   323 | D        | Found an ancient bone altar of Kikubaaqudgha.
   323 | D        | Found a hazy altar of Hepliaklqana.
   323 | D        | Found a stormy altar of Qazlal.
   323 | D        | Found a hide-covered altar of Uskayaw.
   323 | D        | Found a blossoming altar of Fedhas.
   323 | D        | Found a bloodstained altar of Trog.
   323 | D        | Found an iron altar of Okawaru.
   323 | D        | Found a basalt altar of Yredelemnul.
   323 | D        | Found a glowing golden altar of the Shining One.
   323 | D        | Found a snail-covered altar of Cheibriados.
   323 | D        | Found a sacrificial altar of Ru.
   323 | D        | Found a glowing silver altar of Zin.
   323 | D        | Found a shadowy altar of Dithmenos.
   323 | D        | Found a white marble altar of Elyvilon.
   323 | D        | Noticed a yak
   324 | D        | Found an opulent altar of Gozag.
   325 | D        | Killed a yak
   326 | D        | Reached skill level 14 in Stealth
   326 | D        | Found a sparkling altar of Nemelex Xobeh.
   329 | D        | Became a worshipper of Nemelex Xobeh the Trickster
   362 | D        | Found a burning altar of Makhleb.
   362 | D        | Found a viscous altar of Jiyva.
   362 | D        | Found a shimmering altar of Xom.
   362 | D        | Found a corrupted altar of Lugonu.
   362 | D        | Noticed a slime creature
   450 | D        | Killed a gargoyle
   522 | D        | Learned a level 3 spell: Confusing Touch
   526 | D        | Learned a level 3 spell: Tukima's Dance
   530 | D        | Learned a level 3 spell: Dazzling Flash
   537 | D        | Killed a slime creature
   538 | D        | Reached skill level 15 in Stealth
   538 | D        | Reached skill level 1 in Ice Magic
   538 | D        | Reached XP level 7. HP: 32/32 MP: 14/17
   567 | D        | Noticed a kobold demonologist
   568 | D        | Noticed a kobold demonologist
   570 | D        | Killed a kobold demonologist
   571 | D        | Reached skill level 16 in Stealth
   571 | D        | Reached skill level 10 in Hexes
   572 | D        | Killed a kobold demonologist
   572 | D        | Paralysed by a floating eye for 4 turns
   573 | D        | Reached skill level 17 in Stealth
   573 | D        | Reached XP level 8. HP: 36/36 MP: 17/19
   629 | D        | Noticed a demonic crawler
   629 | D        | Noticed a demonic crawler
   629 | D        | Noticed a demonic crawler
   629 | D        | Noticed a demonic crawler
   631 | D        | Killed a demonic crawler
   711 | D        | Reached * piety under Nemelex Xobeh
   711 | D        | Noticed Sonja
   716 | D        | Killed Sonja
   717 | D        | Reached skill level 19 in Stealth
   717 | D        | Reached XP level 9. HP: 29/40 MP: 18/22
   871 | D        | Received a gift from Nemelex Xobeh
   875 | D        | Found Rywkuoca's Weapon Boutique.
  1058 | D        | Noticed a deep troll
  1064 | D        | Killed a deep troll
  1065 | D        | Reached skill level 1 in Fighting
  1065 | D        | Reached skill level 20 in Stealth
  1075 | D        | Found Kemp's Armour Emporium.
  1542 | D        | Killed a demonic crawler
  2837 | D        | Killed a demonic crawler
  3121 | D        | Slain by a demonic crawler

Illustrated notes

Levels and vault maps discovered:
D:        dungeon_sprint_1 [red_sonja_temple_1, red_sonja_temple_small_1]

Skill      XL: |  1  2  3  4  5  6  7  8  9 |
---------------+----------------------------+-----
Dodging        | 3 4 5 6 7 |  7.9
Stealth        | 7 9 12 15 17 19 20 | 20.7
Spellcasting   | 3 4 5 6 7 8 |  8.9
Hexes          | 5 6 8 9 10 11 12 | 12.3
Invocations    | 1 3 4 6 8 |  8.8
Ice Magic      | 1 2 3 |  3.1
Fighting       | 1 |  1.2
Short Blades   | |  1.9
Conjurations   | |  0.3

Action                   |  1- 3 |  4- 6 |  7- 9 || total
-------------------------+-------+-------+-------++-------
Melee: Dagger            |    12 |     5 |    41 ||    58
 Cast: Ensorcelled Hiber |     1 |     2 |     5 ||     8
       Dazzling Flash    |       |       |    17 ||    17
       Confusing Touch   |       |       |    13 ||    13
  Use: Potion            |     1 |       |     3 ||     4
 Stab: Sleeping          |     1 |     4 |     7 ||    12
       Invisible         |       |       |    10 ||    10
       Confused          |       |       |     3 ||     3
       Distracted        |       |       |     2 ||     2
Armor: Robe              |       |       |     7 ||     7
Dodge: Dodged            |     7 |       |    95 ||   102
